 Dungeon Crawl Stone Soup version 0.32-a0-39-g5c88369fb2 (webtiles) character file.

Game seed: 15774654472048047341

89527 Gargoyl the Warrior (level 15, -4/105 HPs)
             Began as a Gargoyle Berserker on Feb 5, 2024.
             Was a Priest of Trog.
             Slain by a spriggan berserker
             ... wielding a +1 flail of draining
              (28 damage)
             ... on level 15 of the Dungeon.
             The game lasted 00:39:27 (23964 turns).

Gargoyl the Warrior (Gargoyle Berserker)           Turns: 23964, Time: 00:39:27

Health: -4/105     AC: 40    Str: 22    XL:     15   Next: 97%
Magic:  15/15      EV:  8    Int:  8    God:    Trog [***...]
Gold:   1591       SH: 22    Dex: 21    Spells: 14/14 levels left

rFire   + + .        l - +0 broad axe
rCold   + + .        J - +2 shield of Resistance {rF++ rC++ Will++}
rNeg    + . .        e - +3 plate armour
rPois   ∞            B - +2 hat {SInv}
rElec   +            u - +2 cloak
rCorr   +            M - +2 pair of gloves
SInv    +            (no boots)
Will    +++..        O - amulet of reflection Stlth
                     i - ring of resist corrosion
HPRegen 0.37/turn    m - +6 ring of dexterity
MPRegen 0.14/turn

%: reflection
@: on berserk cooldown, flying, slowed, studying 2 skills, very slow
A: sickness immunity, AC +11, big wings, negative energy resistance 1,
electricity resistance, torment resistance 1, petrification resistance
a: Renounce Religion, Berserk, Trog's Hand


You were on level 15 of the Dungeon.
You worshipped Trog.
Trog was most pleased with you.
You visited 2 branches of the dungeon, and saw 20 of its levels.

You collected 1684 gold pieces.
You spent 93 gold pieces at shops.

Inventory:

Hand Weapons
 a - a +2 hand axe
 l - a +0 broad axe (weapon)
 x - a +4 trident of draining
 E - a +1 scimitar of flaming
Missiles
 b - 61 poisoned darts
 q - 4 throwing nets
 w - 4 curare-tipped darts (quivered)
Armour
 e - a +3 plate armour (worn)
 u - a +2 cloak (worn)
 B - a +2 hat of see invisible (worn)
 J - the +2 shield of Resistance (worn) {rF++ rC++ Will++}
   (You found it on level 5 of the Lair of Beasts)

   rF++:      It greatly protects you from fire.
   rC++:      It greatly protects you from cold.
   Will++:    It greatly increases your willpower.
 M - a +2 pair of gloves (worn)
Jewellery
 i - a ring of resist corrosion (left hand)
 m - a +6 ring of dexterity (right hand)
 O - an amulet of reflection (around neck)
Wands
 g - a wand of polymorph (21)
 n - a wand of flame (5)
 r - a wand of iceblast (29)
 z - a wand of charming (7)
 C - a wand of light (15)
 N - a wand of mindburst (6)
Scrolls
 h - a scroll of torment
 p - 8 scrolls of teleportation
 s - 4 scrolls of silence
 t - 4 scrolls of fear
 A - 4 scrolls of fog
 G - a scroll of blinking
 H - 2 scrolls of revelation
 P - 4 scrolls of identify
Potions
 c - 4 potions of might
 d - 9 potions of curing
 f - 2 potions of heal wounds
 j - a potion of mutation
 k - 3 potions of lignification
 o - 4 potions of haste
 v - a potion of ambrosia
 D - a potion of resistance
 I - 4 potions of brilliance
 K - 2 potions of magic {unknown}
 L - a potion of enlightenment {unknown}
 Q - 4 potions of cancellation {unknown}
Miscellaneous
 y - a condenser vane
 F - a phial of floods


   Skills:
 + Level 16.3 Fighting
 + Level 15.9(16.2) Axes
 + Level 5.0(11.5) Polearms
 + Level 0.5 Throwing
 + Level 14.5 Armour
 + Level 3.1 Dodging
 + Level 2.1 Stealth
 + Level 14.9 Shields


You had 14 spell levels left.
You didn't know any spells.
Your spell library was empty.

Dungeon Overview and Level Annotations

Branches:
Dungeon (15/15)            Temple (0/1) D:4            Lair (5/5) D:10
  Swamp (0/4) Lair:2        Snake (0/4) Lair:2        Slime (0/5) Lair:4
    Orc (0/2) D:10         Vaults (0/5) D:13         Depths (0/4) D:15

Altars:
Ashenzari
Cheibriados
Dithmenos
Elyvilon
Kikubaaqudgha
Nemelex Xobeh
Okawaru
Ru
Sif Muna
Trog
Uskayaw
Wu Jian
Xom
Jiyva

Shops:
D:7 *:


Innate Abilities, Weirdness & Mutations

You are immune to sickness and miasma.
Your stone body is resilient. (AC +11)
You are immune to poison.
Your large and strong wings let you fly.
You resist negative energy. (rN+)
You are resistant to electric shocks. (rElec)
You are resistant to unholy torment.
You are immune to petrification.


Message History

You block the tengu conjurer's attack.
You block the spriggan berserker's attack.
The tengu conjurer hits you but does no damage.
The tengu conjurer barely misses you.
The tengu conjurer claws you but does no damage.
You slash the spriggan berserker!
The spriggan berserker is severely wounded.
You miss the tengu conjurer.
You block the spriggan berserker's attack.
You block the tengu conjurer's attack. x2
The tengu conjurer claws you but does no damage.
The spriggan berserker hits you with a +1 flail of draining.
You miss the spriggan berserker.
The spriggan berserker is severely wounded.
You slash the tengu conjurer!
The spriggan berserker hits you with a +1 flail of draining!!
The tengu conjurer hits you but does no damage.
The tengu conjurer pecks you but does no damage.
You block the tengu conjurer's attack.
You block the spriggan berserker's attack.
You miss the spriggan berserker.
The spriggan berserker is severely wounded.
You slash the tengu conjurer!
You kill the tengu conjurer!
Trog accepts your kill.
Trog appreciates your killing of a magic user.
The battlesphere dissipates.
You block the spriggan berserker's attack. x2
You hit the spriggan berserker but do no damage.
The spriggan berserker is severely wounded.
The spriggan berserker hits you but does no damage.
You slash the spriggan berserker!
The spriggan berserker is almost dead.
The spriggan berserker hits you with a +1 flail of draining!!
* * * LOW HITPOINT WARNING * * *
The spriggan berserker hits you but does no damage.
You hit the spriggan berserker.
The spriggan berserker is almost dead.
The spriggan berserker hits you with a +1 flail of draining!!
You die...

#########################
.........................
#..#......#..##.)..#..##.
................)).......
##...############)########
.#.#.# ................#
.#.#.# .......@........#
.#.#.# ......†i........#
##...###########.#####...#
####........ #.# ..'
##.'........ ... .#
##.#........# .... #
##.#........#.....
####........# ..... ##
#........+


You could see a spriggan berserker (berserk, regenerating, strong-willed).

Vanquished Creatures
  Gastronok (D:9)
  The ghost of Lubbarad the Hoplite, a journeyman FoFi of Gozag (D:13)
  A stone giant (D:15)
  The ghost of Tune the Slicer, a journeyman DsEn of Hepliaklqana (Lair:1)
  An ice dragon (Lair:5)
  2 catoblepae
  Harold (D:11)
  Erica (D:9)
  An ogre mage (D:15)
  5 two-headed ogres
  6 hydras
  9 boulder beetles
  5 centaur warriors
  A naga warrior (D:13)
  A hell hog (Lair:5)
  3 spriggan berserkers (D:15)
  3 tengu warriors
  4 skysharks
  Amaemon (Lair:3)
  A glowing orange brain (Lair:1)
  2 lindwurms (Lair:5)
  A deep elf pyromancer (D:13)
  An orc knight (D:13)
  9 ugly things
  Joseph (D:8)
  22 elephants
  A cyclops (D:12)
  A guardian serpent (D:13)
  An orange demon (Lair:3)
  12 cane toads
  4 black mambas (Lair:5)
  5 torpor snails (Lair:5)
  3 kobold demonologists
  6 komodo dragons
  A freezing wraith (D:14)
  An efreet (D:14)
  3 rime drakes
  Jeremiah (D:7)
  4 tengu conjurers
  7 hornets
  6 trolls
  3 tyrant leeches (Lair:5)
  12 polar bears
  Grinder (D:5)
  A wolf spider simulacrum (D:15)
  Prince Ribbit (D:8)
  6 blink frogs
  13 slime creatures
  2 centaur simulacra
  Sigmund (D:4)
  2 vampires
  9 yaks
  2 wyverns
  2 shadows (D:12)
  4 wargs (Lair:5)
  A wraith (D:13)
  Eustachio (D:4)
  A hog (Lair:5)
  A human (shapeshifter) (D:15)
  A basilisk (shapeshifter) (D:13)
  5 basilisks
  An acid dragon (D:13)
  5 vampire mosquitoes
  3 nagas (Lair:2)
  18 water moccasins
  17 hell hounds (Lair:5)
  8 orc warriors
  A black bear (shapeshifter) (D:13)
  3 ice beasts
  11 black bears (Lair:5)
  10 ogres
  29 wolves
  2 laughing skulls (D:13)
  A phantom (D:7)
  9 kobold brigands
  17 bullfrogs
  A scorpion (Lair:2)
  11 wights
  5 gnoll sergeants
  6 killer bees
  2 electric eels (Lair:3)
  18 howler monkeys
  4 gnoll boudas
  8 jellies
  11 orc priests
  A bombardier beetle (D:5)
  7 hounds
  3 sleepcaps
  Crazy Yiuf (D:7)
  Jessica (D:2)
  Natasha (D:4)
  7 iguanas
  19 orc wizards
  10 adders
  16 gnolls
  A shadow imp (D:5)
  4 white imps
  2 ufetubi (D:6)
  2 dart slugs
  4 ribbon worms
  55 orcs
  6 bats
  9 endoplasms
  A giant cockroach (D:4)
  3 goblins
  5 hobgoblins
  7 jackals
  19 kobolds
  5 quokkas
  10 ball pythons
  2 frilled lizards
  8 rats
  A spectral goblin (D:1)
621 creatures vanquished.

Vanquished Creatures (collateral kills)
  Kirke (Lair:5)
  An ironbound preserver (D:13)
  A boulder beetle (D:13)
  A hydra (D:13)
  A centaur warrior (D:13)
  A deep elf pyromancer (D:14)
  2 orc knights (D:13)
  A slime creature (D:13)
  A hog (Lair:5)
10 creatures vanquished.

Vanquished Creatures (others)
  A tengu conjurer (D:13)
1 creature vanquished.

Grand Total: 632 creatures vanquished

Notes
Turn   | Place    | Note
-------+----------+-------------------------------------------
     0 | D:1      | Gargoyl the Gargoyle Berserker began the quest for the Orb.
     0 | D:1      | Reached XP level 1. HP: 14/14 MP: 1/1
   151 | D:1      | Found a faded altar of an unknown god.
   228 | D:1      | Reached XP level 2. HP: 18/19 MP: 2/2
   476 | D:1      | You fall into a shaft and drop 1 floor!
   488 | D:2      | Noticed Jessica
   501 | D:2      | Killed Jessica
   502 | D:2      | Reached skill level 4 in Fighting
   502 | D:2      | Reached XP level 3. HP: 12/24 MP: 3/3
   551 | D:2      | Reached XP level 4. HP: 22/29 MP: 4/4
   738 | D:2      | Reached ** piety under Trog
  1465 | D:3      | Reached XP level 5. HP: 22/34 MP: 5/5
  1697 | D:3      | Reached skill level 1 in Shields
  1771 | D:3      | Reached *** piety under Trog
  1872 | D:3      | Reached XP level 6. HP: 34/39 MP: 6/6
  2006 | D:4      | Noticed Sigmund
  2017 | D:4      | Killed Sigmund
  2018 | D:4      | Reached skill level 5 in Axes
  2033 | D:4      | Noticed Eustachio
  2285 | D:3      | You fall into a shaft and drop 2 floors!
  2285 | D:5      | Entered Level 5 of the Dungeon
  2317 | D:5      | Reached skill level 5 in Fighting
  2346 | D:5      | Reached XP level 7. HP: 43/44 MP: 7/7
  2867 | D:4      | Reached XP level 8. HP: 43/50 MP: 8/8
  3021 | D:4      | Found a shimmering blue altar of Sif Muna.
  3021 | D:4      | Found a white marble altar of Elyvilon.
  3130 | D:4      | Killed Eustachio
  3131 | D:4      | Reached skill level 5 in Armour
  3191 | D:4      | Found a staircase to the Ecumenical Temple.
  3196 | D:4      | Noticed Natasha
  3206 | D:4      | Killed Natasha
  3598 | D:4      | Reached skill level 6 in Fighting
  3750 | D:5      | Found an ancient bone altar of Kikubaaqudgha.
  3810 | D:5      | Noticed Grinder
  3853 | D:5      | Killed Grinder
  4040 | D:5      | Noticed a troll
  4054 | D:5      | Killed a troll
  4055 | D:5      | Reached XP level 9. HP: 56/56 MP: 9/9
  5117 | D:7      | Found a sacrificial altar of Ru.
  5122 | D:7      | Found an ornate altar of the Wu Jian Council.
  5122 | D:7      | Found a hide-covered altar of Uskayaw.
  5132 | D:7      | Found a broken altar of Ashenzari.
  5135 | D:7      | Found a bloodstained altar of Trog.
  5190 | D:7      | Reached skill level 5 in Shields
  5358 | D:7      | Found a runed translucent door.
  5359 | D:7      | Noticed Crazy Yiuf
  5404 | D:7      | Found a flagged portal.
  5454 | D:7      | Found Vadusinn's Assorted Antiques.
  5463 | D:7      | Bought a scroll of teleportation for 93 gold pieces
  5526 | D:7      | Found Xothyah's Book Shop.
  5638 | D:7      | Found a shimmering altar of Xom.
  5640 | D:7      | Found a snail-covered altar of Cheibriados.
  5640 | D:7      | Found a shadowy altar of Dithmenos.
  5652 | D:7      | Reached skill level 1 in Stealth
  5676 | D:7      | Noticed Jeremiah
  5694 | D:7      | Killed Jeremiah
  5825 | D:7      | Killed Crazy Yiuf
  5880 | D:8      | Noticed Prince Ribbit
  5978 | D:8      | Killed Prince Ribbit
  6020 | D:8      | Noticed Joseph
  6037 | D:8      | Killed Joseph
  6113 | D:8      | Reached skill level 7 in Fighting
  6113 | D:8      | Reached XP level 10. HP: 49/63 MP: 10/10
  6951 | D:8      | Noticed a two-headed ogre
  6967 | D:8      | Killed a two-headed ogre
  6968 | D:8      | Reached skill level 10 in Axes
  7664 | D:9      | Noticed Gastronok
  7691 | D:9      | Killed Gastronok
  7692 | D:9      | Reached skill level 8 in Fighting
  7692 | D:9      | Reached XP level 11. HP: 55/68 MP: 11/11
  7866 | D:9      | Noticed Erica
  7878 | D:9      | Killed Erica
  8386 | D:10     | Entered Level 10 of the Dungeon
  8419 | D:10     | Noticed a centaur warrior
  8446 | D:9      | Killed a centaur warrior
  8799 | D:9      | Reached skill level 9 in Fighting
  9547 | D:10     | Found a staircase to the Orcish Mines.
  9618 | D:10     | Found a staircase to the Lair.
  9724 | D:10     | Found a sparkling altar of Nemelex Xobeh.
 10018 | Lair:1   | Entered Level 1 of the Lair of Beasts
 10294 | Lair:1   | Reached **** piety under Trog
 10545 | Lair:1   | Reached XP level 12. HP: 61/76 MP: 12/12
 10887 | Lair:1   | Reached skill level 10 in Fighting
 11085 | Lair:1   | Noticed a four-headed hydra
 11105 | Lair:1   | Killed a four-headed hydra
 11106 | Lair:1   | Reached skill level 10 in Shields
 11444 | Lair:1   | Identified a scroll of acquirement
 11444 | Lair:1   | Acquired a manual of Fighting
 11477 | Lair:2   | Noticed a six-headed hydra
 11478 | Lair:2   | Found a staircase to the Swamp.
 11487 | Lair:2   | Killed a six-headed hydra
 11546 | Lair:2   | Noticed a five-headed hydra
 11555 | Lair:2   | Killed a five-headed hydra
 11556 | Lair:2   | Reached skill level 1 in Polearms
 11749 | Lair:2   | Reached skill level 11 in Fighting
 11771 | Lair:2   | Noticed a catoblepas
 11800 | Lair:2   | Killed a catoblepas
 11955 | Lair:2   | Noticed a seven-headed hydra
 11961 | Lair:2   | Killed a seven-headed hydra
 12086 | Lair:2   | Found a runed translucent gate.
 12086 | Lair:2   | Found a runed translucent gate.
 12086 | Lair:2   | Found a runed translucent gate.
 12089 | Lair:2   | Noticed Tune's ghost (journeyman DsEn)
 12092 | Lair:2   | Found a viscous altar of Jiyva.
 12378 | Lair:2   | Found a staircase to the Snake Pit.
 12394 | Lair:2   | Reached XP level 13. HP: 45/84 MP: 13/13
 12836 | Lair:1   | Killed Tune's ghost
 12912 | Lair:1   | Reached skill level 10 in Armour
 12989 | Lair:3   | Noticed Amaemon
 13006 | Lair:3   | Killed Amaemon
 13723 | Lair:3   | Reached skill level 12 in Fighting
 15238 | Lair:4   | Found a staircase to the Slime Pits.
 15711 | Lair:5   | Entered Level 5 of the Lair of Beasts
 15738 | Lair:5   | Reached skill level 13 in Fighting
 16158 | Lair:5   | Gained mutation: Your large and strong wings let you fly.
                  | [Gargoyle growth]
 16158 | Lair:5   | Reached XP level 14. HP: 60/94 MP: 14/14
 16332 | Lair:5   | Identified the +2 scimitar of Defence {venom, rPois Str+2}
 16669 | Lair:5   | Identified the +9 shortbow of Avant Garde Action {flame,
                  | rElec}
 16996 | Lair:5   | Reached skill level 14 in Fighting
 17841 | Lair:5   | Reached skill level 5 in Polearms
 18089 | Lair:5   | Found the +2 shield of Resistance {rF++ rC++ Will++}
 18136 | Lair:5   | Identified the maw talisman of Cankegej {MP+9 Dex+4 Stlth-}
 18527 | Lair:5   | Noticed Kirke
 18539 | Lair:5   | Killed Kirke
 18573 | Lair:5   | Reached skill level 15 in Fighting
 19375 | D:11     | Noticed Harold
 19390 | D:11     | Killed Harold
 19547 | D:11     | Reached XP level 15. HP: 83/103 MP: 15/15
 21059 | D:13     | Identified the +1 leather armour of the Constellations
                  | {*Corrode +Inv rPois SInv}
 21542 | D:13     | Reached skill level 15 in Axes
 21643 | D:13     | Found a runed translucent gate.
 21644 | D:13     | Found a runed translucent gate.
 21788 | D:13     | Found a runed translucent gate.
 21788 | D:13     | Noticed Lubbarad's ghost (journeyman FoFi)
 21789 | D:13     | Found an iron altar of Okawaru.
 21819 | D:13     | Found a gate to the Vaults.
 21914 | D:13     | Killed Lubbarad's ghost
 22833 | D:14     | Reached skill level 16 in Fighting
 23044 | D:15     | Entered Level 15 of the Dungeon
 23081 | D:15     | Identified the +5 sling "Goikkige" {heavy, Dex+3}
 23751 | D:15     | Found a staircase to the Depths.
 23964 | D:15     | Slain by a spriggan berserker

Illustrated notes

Levels and vault maps discovered:
D:1:      dpeg_arrival_fog, layout_basic,
          dreamdust_ecumenical_altar_drowned_temple
D:2:      layout_basic, lightli_corner_chamber, uniq_jessica
D:3:      layout_basic
D:4:      minmay_chambers_of_threes, layout_loops_cross,
          amethyst_overflow_temple_binary, minmay_temple_entry_trees,
          uniq_sigmund, uniq_eustachio, uniq_natasha
D:5:      layout_basic, nicolae_overflow_crystal_walls, minivault_19,
          amcnicky_mini_pool_small, kennysheep_small_square, uniq_grinder
D:6:      hellmonk_destroyed_diamonds, layout_basic, dk_vineyard_1,
          amethyst_killhole
D:7:      layout_rooms, minmay_overflow_temple_star_hex,
          chequers_temple_overflow_statue_of_worship, enter_bailey_8,
          serial_shops, nicolae_lakefront_shop, shop, uniq_crazy_yiuf_cottage,
          uniq_jeremiah
D:8:      lemuel_castle_with_subvaults [lemuel_castle_interior_carwin_3],
          layout_basic, uniq_prince_ribbit1, uniq_joseph
D:9:      layout_basic, uniq_gastronok, uniq_erica
D:10:     layout_rooms, nemelex_altar_shiori, hellmonk_lair_entry_icy,
          kennysheep_orc_monster_closet_entryway, hex_medium
D:11:     layout_loops_cross, kennysheep_generic_room_6, uniq_harold
D:12:     layout_basic
D:13:     layout_small_grid, skrybe_vaults_entry_preservation,
          gammafunk_ghost_fury_of_okawaru, serial_bayou_pond_d,
          nrook_guardian_serpent_double
D:14:     layout_long_grid, patterned_corridor
D:15:     grunt_enter_depths_snipers, layout_stronghold,
          minmay_guarded_unrand_wrath_of_trog
Lair:1:   beast_lair_carwin_large_1, layout_chaotic_city, grunt_megastairs_1
Lair:2:   layout_regular_city, swamp_mist, nicolae_snake_entry_squirm,
          gammafunk_ghost_ooze
Lair:3:   layout_layer_cave, chequers_serial_rivers_micro_b,
          infiniplex_staircase_pool, serial_bayou_shore_b, serial_bayou_shore_b,
          uniq_amaemon
Lair:4:   layout_gridlike, nicolae_slime_entry_slimehenge,
          infiniplex_staircase_pool_2, lemuel_fruit_tree, lemuel_fruit_fields
Lair:5:   wormcave, layout_long_grid, hangedman_lair_caniforms_friends,
          uniq_kirke

Skill      XL: |  1  2  3  4  5  6  7  8  9 10 11 12 13 14 15 |
---------------+----------------------------------------------+-----
Axes           | 3 4 5 7 8 10 11 12 13 14 15 | 15.9
Fighting       | 4 5 6 7 8 9 11 13 15 16 | 16.3
Armour         | 3 4 5 6 8 9 11 13 14 | 14.5
Shields        | 1 2 3 4 6 7 9 10 11 13 14 | 14.9
Dodging        | 2 3 |  3.1
Stealth        | 1 2 |  2.1
Polearms       | 2 4 5 |  5.0
Throwing       | |  0.5

Action                     |  1- 3 |  4- 6 |  7- 9 | 10-12 | 13-15 || total
---------------------------+-------+-------+-------+-------+-------++-------
  Melee: Hand axe          |    68 |   224 |   401 |   860 |   929 ||  2482
         Trident           |       |       |       |    62 |   116 ||   178
         Broad axe         |       |       |       |       |   797 ||   797
  Throw: Dart              |       |       |     2 |     3 |     4 ||     9
 Invoke: Berserk           |     1 |     7 |    15 |    22 |    31 ||    76
         Trog's Hand       |       |     4 |    10 |    17 |    29 ||    60
         Brothers in Arms  |       |       |       |       |     3 ||     3
    Use: Scroll            |     2 |     7 |     7 |     9 |    18 ||    43
         Potion            |       |     1 |       |     4 |     3 ||     8
   Stab: Distracted        |       |       |       |       |     1 ||     1
 Armour: Animal skin       |    26 |       |       |       |       ||    26
         Scale mail        |    29 |    18 |       |       |       ||    47
         Plate armour      |       |   312 |   337 |   768 |  1469 ||  2886
  Dodge: Dodged            |    44 |   134 |   114 |   245 |   641 ||  1178
  Block: Buckler           |    13 |   127 |   175 |   458 |   709 ||  1482
         Kite shield       |       |       |       |       |   720 ||   720
         Reflection        |       |       |       |       |    28 ||    28

Table legend: (Time is in decaauts)
 A = Elapsed time spent in this place.
 B = Non-inter-level travel time spent in this place.
 C = Inter-level travel time spent in this place.
 D = Time resting spent in this place.
 E = Time spent auto-exploring this place.
 F = Levels seen in this place.
 G = Mean time per level.
                   A        B        C        D        E       F      G
               +--------+--------+--------+--------+--------+-----+--------+
         Total |  24057 |  23310 |    747 |   3416 |  13644 |  20 | 1202.8 |
       Dungeon |  15359 |  14973 |    386 |   2098 |   8893 |  15 | 1023.9 |
          Lair |   8697 |   8337 |    360 |   1318 |   4751 |   5 | 1739.4 |
               +--------+--------+--------+--------+--------+-----+--------+

Top non-repeatable levels by time:
  Lair:5: 2842 daAuts
     D:8: 1748 daAuts
  Lair:1: 1744 daAuts
     D:9: 1722 daAuts
  Lair:2: 1688 daAuts
    D:13: 1389 daAuts
  Lair:3: 1386 daAuts
     D:4: 1173 daAuts
     D:5: 1092 daAuts
    D:11: 1080 daAuts
  Lair:4: 1035 daAuts
     D:3: 998 daAuts
    D:12: 964 daAuts
    D:14: 903 daAuts
     D:7: 877 daAuts
